Map: King's Cove LE

Players

liquidthermy (uThermal)

  • Race: Terran Terran
  • Spawn Location: 11:00

RlSky (RiSky) - Winner!

  • Race: Zerg Zerg
  • League: Master
  • Spawn Location: 5:00

Event: HomeStory Cup XIX

VOD

Have the link to the VOD?

Description

Time

  • Played on: June 27, 2019, 5 p.m.
  • Length: 15:34

All games in this series

Show
View Real Time Build Order
Export as new Build Order

liquidthermy Terran 

Build Orders: Hellion Opening, Reaper Expand 

Get SALT Encoding   

  12  0:02  SCV  
  13  0:14  SCV  
  13  0:18  Supply Depot  
  14  0:26  SCV  
  15  0:39  SCV  
  15  0:42  Barracks  
  16  0:45  Refinery  
  16  0:51  SCV  
  17  1:03  SCV  
  18  1:15  SCV  
  19  1:29  Orbital Command, Reaper  
  20  1:42  Command Center  
  20  1:52  Supply Depot  
  20  1:55  SCV  
  20  2:01  Marine  
  21  2:07  SCV  
  23  2:11  Factory  
  23  2:17  Refinery  
  23  2:19  SCV  
  24  2:23  Barracks Reactor  
  23  2:32  SCV  
  24  2:44  SCV  
  25  2:54  Starport  
  25  2:55  Orbital Command  
  25  2:56  SCV  
  26  3:03  Hellion x2  
  30  3:08  SCV  
  30  3:10  Marine  
  32  3:20  SCV x2  
  32  3:25  Hellion x2  
  38  3:32  SCV  
  38  3:34  SCV, Fusion Core  
  40  3:44  SCV  
  40  3:46  Starport Tech Lab, Hellion  
  40  3:47  Supply Depot  
  43  3:50  Hellion  
  43  3:52  SCV  
  46  4:02  Supply Depot  
  46  4:09  SCV x2  
  48  4:21  SCV  
  48  4:24  Battlecruiser  
  54  4:25  SCV  
  55  4:33  Command Center  
  55  4:34  SCV  
  55  4:37  SCV  
  57  4:41  Supply Depot  
  57  4:42  Hellion  
  61  4:45  Hellion  
  61  4:48  SCV  
  62  4:53  Refinery x2  
  62  5:02  SCV x2  
  62  5:04  Hellion  
  62  5:06  Supply Depot  
  68  5:07  Hellion  
  68  5:14  SCV x2  
  68  5:18  Barracks Tech Lab  
  68  5:19  Factory  
  70  5:21  Factory  
  70  5:27  SCV x2  
  72  5:29  Supply Depot  
  72  5:30  Hellion  
  72  5:33  Hellion  
  76  5:39  SCV  
  77  5:43  SCV  
  76  5:56  Hellion  
  78  5:58  SCV  
  78  6:02  Orbital Command  
  73  6:06  SCV  
  68  6:13  SCV  
  68  6:16  Starport Reactor, Cyclone  
  72  6:18  Mag-Field Accelerator  
  72  6:20  SCV, Hellion  
  72  6:23  Cyclone  
  72  6:24  Hellion  
  80  6:26  Refinery, SCV  
  80  6:27  Refinery  
  80  6:28  Armory  
  78  6:35  SCV  
  78  6:38  SCV  
  79  6:41  Orbital Command, Hellion  
  79  6:44  Engineering Bay  
  79  6:46  Supply Depot  
  81  6:48  SCV, Cyclone  
  81  6:53  SCV, Hellion  
  88  6:55  Cyclone  
  88  7:00  SCV  
  92  7:03  Factory  
  92  7:04  Factory  
  92  7:05  SCV  
  92  7:07  SCV  
  94  7:13  Supply Depot  
  94  7:15  Terran Vehicle And Ship Armor Level 1  
  94  7:18  SCV  
  94  7:19  SCV x2  
  94  7:22  Hellion x2  
  101  7:24  Medivac  
  101  7:25  Medivac  
  105  7:30  SCV  
  105  7:31  Smart Servos, Supply Depot  
  106  7:38  Cyclone  
  106  7:39  SCV, Cyclone  
  106  7:43  SCV  
  114  7:44  Supply Depot  
  114  7:47  Hellion  
  114  7:48  Factory Tech Lab  
  114  7:49  Factory Tech Lab, SCV, Supply Depot  
  117  7:53  SCV, Hellion  
  117  7:55  Medivac x2  
  117  7:58  SCV  
  125  8:05  SCV  
  125  8:10  Cyclone  
  125  8:12  Command Center  
  129  8:17  Cyclone x2  
  135  8:20  Supply Depot  
  135  8:22  Supply Depot, Infernal Pre-Igniter  
  135  8:26  SCV  
  136  8:27  Cyclone  
  139  8:42  Cyclone  
  119  8:49  Thor x2  
  119  8:51  Hellion  
  119  8:54  Missile Turret  
  119  8:55  Missile Turret  
  117  8:56  Missile Turret  
  102  9:05  Supply Depot  
  102  9:07  Thor  
  108  9:10  Missile Turret  
  108  9:17  Thor  
  108  9:19  Terran Vehicle And Ship Armor Level 2  
  108  9:22  Liberator x2  
  114  9:32  Command Center  
  114  9:37  Armory  
  113  9:41  SCV  
  113  9:43  SCV  
  121  9:49  Planetary Fortress  
  121  9:52  SCV  
  122  9:53  Refinery, SCV  
  122  9:57  Refinery  
  123  10:01  SCV  
  123  10:02  Thor  
  123  10:04  SCV  
  130  10:08  SCV  
  130  10:12  Missile Turret  
  130  10:13  SCV  
  132  10:15  Command Center  
  132  10:19  SCV  
  132  10:20  SCV  
  134  10:21  Thor  
  134  10:25  Supply Depot  
  134  10:26  SCV  
  138  10:30  SCV  
  138  10:31  SCV  
  138  10:32  Thor  
  138  10:35  SCV  
  146  10:39  Thor  
  151  10:43  SCV  
  151  10:44  Supply Depot  
  151  10:47  Thor  
  158  10:51  SCV  
  158  10:53  Hellion  
  158  10:54  SCV  
  162  10:58  SCV  
  162  11:01  SCV  
  158  11:04  Thor  
  158  11:10  SCV  
  159  11:13  SCV  
  159  11:15  Thor, SCV, Hellion  
  159  11:17  Supply Depot  
  169  11:19  SCV  
  169  11:22  Thor  
  169  11:25  Terran Vehicle Weapons Level 1, SCV  
  167  11:37  Siege Tank, Hellion x2  
  173  11:47  Siege Tank  
  176  11:59  Hellion x3  
  165  12:05  Cyclone  
  167  12:09  Cyclone  
  167  12:10  Medivac x2  
  174  12:19  Cyclone  
  174  12:20  Siege Tank, Hellion x2  
  181  12:25  SCV  
  178  12:37  Siege Tank  
  178  12:44  Refinery, Missile Turret, Hellion  
  181  12:46  SCV, Missile Turret  
  181  12:48  Refinery  
  184  12:54  SCV  
  184  12:55  Thor x2  
  149  13:08  SCV x4  
  148  13:16  Missile Turret  
  148  13:17  Missile Turret  
  148  13:20  SCV x3  
  148  13:25  Cyclone x2  
  152  13:30  SCV  
  152  13:32  SCV  
  152  13:33  Hellion  
  154  13:36  SCV x2  
  154  13:38  Siege Tank, Cyclone  
  159  13:41  Hellion  
  159  13:42  SCV  
  163  13:57  Siege Tank, Hellion  
  166  14:10  Hellion  
  166  14:11  Hellion  
  164  14:17  Engineering Bay  
  164  14:18  Refinery, Supply Depot  
  164  14:19  Hellion  
  164  14:22  Engineering Bay  
  166  14:29  Siege Tank  
  169  14:38  Supply Depot  
  169  14:40  Cyclone x3  
  168  14:49  SCV  
  168  14:50  Hellion  
  168  14:51  SCV  
  170  14:59  SCV  
  164  15:08  SCV  
  164  15:12  SCV, Hellion  
  160  15:15  SCV  
Show
View Real Time Build Order
Export as new Build Order

RlSky Zerg - Winner!

Build Orders: Hatch First, Muta Ling Bane, Swarm Host 

Get SALT Encoding   

  12  0:00  Drone  
  13  0:12  Overlord  
  13  0:17  Drone  
  14  0:30  Drone x2  
  16  0:48  Hatchery  
  15  0:52  Drone  
  15  0:55  Drone  
  17  0:59  Drone  
  18  1:10  Extractor  
  17  1:14  Spawning Pool  
  17  1:18  Drone  
  17  1:21  Drone  
  18  1:27  Drone  
  19  1:38  Drone  
  20  1:49  Overlord  
  20  2:01  Queen x2  
  24  2:02  Zergling x4  
  26  2:11  Drone  
  26  2:12  Drone  
  26  2:13  Metabolic Boost  
  28  2:21  Drone  
  28  2:22  Drone  
  30  2:30  Spore Crawler  
  29  2:41  Hatchery  
  29  2:45  Drone  
  29  2:46  Drone  
  31  2:51  Queen  
  31  2:57  Overlord  
  33  3:00  Drone  
  33  3:03  Drone  
  35  3:07  Drone  
  36  3:17  Drone x3  
  36  3:18  Drone  
  40  3:23  Overlord  
  40  3:24  Drone  
  40  3:26  Drone x3  
  44  3:40  Queen x2  
  48  3:47  Overlord  
  48  3:48  Overlord  
  48  3:55  Drone  
  48  3:57  Drone  
  49  4:04  Queen, Overlord  
  49  4:06  Drone x2  
  49  4:08  Drone x3  
  49  4:09  Drone x2  
  58  4:14  Drone  
  59  4:17  Lair  
  59  4:18  Queen  
  59  4:22  Zergling x4  
  63  4:26  Drone x2  
  63  4:29  Baneling Nest  
  63  4:30  Drone  
  65  4:32  Drone  
  65  4:34  Spore Crawler  
  65  4:36  Spore Crawler  
  64  4:39  Drone, Spore Crawler  
  64  4:42  Drone x2  
  64  4:45  Drone  
  67  4:48  Zergling x2  
  67  4:49  Zergling x4  
  67  4:51  Zergling x4  
  72  4:53  Zergling x2  
  73  5:00  Extractor  
  73  5:01  Queen, Extractor  
  73  5:02  Overlord  
  73  5:06  Overlord  
  73  5:11  Overlord  
  73  5:19  Drone  
  73  5:20  Queen x2  
  78  5:22  Drone x3  
  78  5:24  Drone x3  
  78  5:27  Drone x2  
  86  5:28  Drone  
  86  5:33  Drone  
  86  5:35  Drone  
  89  5:38  Drone  
  89  5:40  Zergling x6  
  91  5:49  Drone  
  91  5:55  Queen  
  91  5:56  Zergling x12  
  97  6:02  Drone  
  97  6:10  Centrifical Hooks  
  97  6:12  Evolution Chamber  
  97  6:13  Evolution Chamber  
  95  6:18  Overlord  
  95  6:20  Drone x2  
  95  6:22  Drone x3, Hatchery  
  95  6:24  Extractor, Overlord  
  96  6:30  Drone x3  
  93  6:33  Hatchery  
  93  6:36  Drone x4  
  94  6:40  Drone  
  94  6:41  Drone  
  94  6:43  Zerg Ground Armor Level 1, Zerg Melee Weapons Level 1  
  94  6:45  Drone x2  
  94  6:46  Spire  
  96  6:52  Drone x2  
  96  6:53  Zergling x10, Extractor  
  102  6:56  Drone  
  102  7:00  Extractor  
  102  7:01  Drone x2  
  102  7:05  Overlord  
  104  7:10  Zergling x4  
  104  7:12  Baneling x5, Overlord  
  104  7:15  Zergling x12  
  112  7:18  Overlord  
  112  7:22  Overlord  
  112  7:25  Drone x3  
  115  7:31  Drone x2  
  115  7:33  Drone  
  115  7:34  Baneling x2, Drone  
  115  7:36  Extractor  
  118  7:37  Drone  
  118  7:39  Extractor  
  118  7:40  Drone  
  119  7:44  Drone  
  119  7:45  Drone  
  119  7:46  Drone x3  
  119  7:50  Drone  
  119  7:51  Drone  
  126  7:53  Zergling x10  
  126  7:57  Hatchery  
  129  7:59  Zergling x10  
  127  8:07  Mutalisk x4  
  127  8:11  Mutalisk x3, Zerg Flyer Weapons Level 1  
  140  8:14  Mutalisk  
  140  8:17  Mutalisk x3  
  140  8:18  Mutalisk  
  150  8:24  Zergling x2  
  150  8:25  Zergling x6  
  150  8:26  Baneling x6  
  154  8:30  Zergling x8  
  154  8:32  Baneling x5  
  158  8:39  Baneling x5  
  130  8:49  Zergling x18  
  130  8:50  Zergling x8  
  130  8:54  Zergling x2  
  130  8:55  Zergling x6  
  138  9:00  Drone x4  
  138  9:01  Infestation Pit  
  136  9:03  Drone  
  136  9:04  Drone  
  136  9:07  Drone  
  139  9:10  Drone x2  
  139  9:12  Extractor  
  139  9:15  Drone  
  139  9:16  Extractor  
  140  9:18  Zerg Missile Weapons Level 1, Zerg Melee Weapons Level 2  
  140  9:19  Drone  
  139  9:33  Hatchery  
  145  9:40  Hatchery, Overlord x4  
  136  9:49  Swarm Host x3  
  145  9:58  Swarm Host x3  
  145  9:59  Swarm Host x8  
  178  10:06  Baneling x17  
  178  10:07  Nydus Network  
  178  10:12  Spine Crawler  
  178  10:13  Hive, Spine Crawler  
  175  10:16  Zergling x2  
  175  10:17  Zergling x6  
  179  10:29  Overlord  
  179  10:54  Nydus Canal  
  177  11:11  Zergling x34  
  190  11:12  Pneumatized Carapace  
  190  11:18  Nydus Canal  
  194  11:24  Zerg Ground Armor Level 2  
  194  11:27  Ultralisk Cavern  
  194  11:31  Mutalisk x7  
  194  11:32  Mutalisk  
  199  11:35  Greater Spire, Zerg Melee Weapons Level 3  
  199  11:43  Spore Crawler  
  197  11:49  Zergling x4  
  186  12:01  Zergling x28  
  195  12:13  Zergling x4  
  195  12:14  Zergling x18  
  196  12:24  Chitinous Plating  
  196  12:27  Baneling x14  
  194  12:33  Ultralisk  
  194  12:34  Baneling x3  
  194  12:35  Baneling x14  
  191  12:46  Zergling x18  
  191  12:47  Zergling x4  
  184  12:58  Drone  
  184  12:59  Drone x11  
  184  13:02  Drone x14  
  195  13:10  Zerg Flyer Weapons Level 2  
  195  13:11  Overlord x2  
  195  13:17  Overlord  
  181  13:28  Overlord  
  181  13:33  Ultralisk x3  
  189  13:43  Anabolic Synthesis  
  189  13:45  Nydus Canal  
  189  13:49  Baneling x14  
  189  13:57  Mutalisk x5  
  189  14:01  Hatchery  
  190  14:12  Zergling x24  
  190  14:16  Spine Crawler x2  
  197  14:21  Extractor, Spine Crawler x2  
  194  14:26  Zergling x10  
  195  14:39  Zergling x8  
  195  14:44  Zergling x6  
  200  14:51  Zergling x10  
  199  14:53  Baneling  
  199  14:54  Baneling x9  
  184  15:00  Baneling x3  
  184  15:01  Baneling  
  184  15:02  Zergling x2  
  184  15:03  Zergling x30  
  193  15:15  Zergling x14  
Tags
 
Add a new tag
Caveats
  • Supply blocks, unpowered buildings, or Contaminate may cause inaccurate times.
  • Supply counts are checked every 10 seconds.